 Dungeon Crawl Stone Soup version 0.27.1 (webtiles) character file.

Game seed: 16521960360389347979

18 Sabo the Skirmisher (level 2, -8/24 HPs)
             Began as a Demonspawn Fighter on Sept 3, 2021.
             Mangled by a kobold (21 damage)
             ... on level 2 of the Dungeon.
             The game lasted 00:05:18 (977 turns).

Sabo the Skirmisher (Demonspawn Fighter)             Turns: 977, Time: 00:05:22

Health: -8/24      AC:  9    Str: 16    XL:     2   Next: 51%
Magic:  2/2        EV:  4    Int:  9    God:
Gold:   61         SH: 12    Dex: 12    Spells: 1/1 levels left

rFire    + . .     SeeInvis .   b - +2 war axe (vorpal)
rCold    . . .     Faith    .   c - +0 kite shield
rNeg     . . .     Spirit   .   f - +0 chain mail
rPois    .         Reflect  .   (no helmet)
rElec    .         Harm     .   (no cloak)
rCorr    .         Rampage  .   (no gloves)
Will     .....                  (no boots)
Stlth    ..........             (no amulet)
HPRegen  0.08/turn              e - ring of protection from fire
MPRegen  0.08/turn              a - ring of flight

@: flying
A: condensation shield
a: no special abilities


You were on level 2 of the Dungeon.
You visited 1 branch of the dungeon, and saw 2 of its levels.

You collected 61 gold pieces.

Inventory:

Hand Weapons
 b - a +2 vorpal war axe (weapon)
Armour
 c - a +0 kite shield (worn)
 f - a +0 chain mail (worn)
Jewellery
 a - a ring of flight (right hand)
 e - a ring of protection from fire (left hand)
Scrolls
 g - a scroll of magic mapping {unknown}
Potions
 d - a potion of might
 h - a potion of invisibility {unknown}
 i - a potion of lignification {unknown}


   Skills:
 + Level 3.3 Fighting
 + Level 1.9 Axes
 + Level 3.0 Armour
 + Level 0.1 Dodging
 + Level 2.8 Shields


You had one spell level left.
You didn't know any spells.
Your spell library contained the following spells:

 Spells                   Type           Power      Damage    Failure   Level
 Sting                    Tmut/Pois      0%         1d3       100%        1
 Poisonous Vapours        Pois/Air       0%         N/A       100%        2
 Conjure Flame            Conj/Fire      0%         6-21      100%        3
 Ignite Poison            Fire/Tmut/Pois 0%         N/A       100%        3
 Olgreb's Toxic Radiance  Pois           0%         N/A       100%        4
 Sticky Flame             Conj/Fire      0%         2d3       100%        4


Dungeon Overview and Level Annotations

Branches:
Dungeon (2/15)

Altars:


Innate Abilities, Weirdness & Mutations

A meltable shield of frost defends you. (SH +4)


Message History

You now have 61 gold pieces (gained 10).
Found an escape hatch in the ceiling.
A giant cockroach comes into view.
Found a fuming cyan potion.
You hit the giant cockroach.
You kill the giant cockroach!
You see here a giant cockroach corpse.
Found a spear.
i - a fuming cyan potion You see here a +0 spear.
You reach down and open the gate. 4 kobolds come into view.
The kobold shouts! x4; You hear a shout!
A kobold comes into view. It is wielding a +1 whip of distortion.
Found 8 gold pieces and 12 poisoned darts.
You block the kobold's attack.
There is an open gate here.
You closely miss the kobold. You barely miss the kobold.
The kobold throws a stone.
The stone hits you but does no damage.
The kobold throws a stone.
You block the stone.
The kobold hits you but does no damage. x2; You block the kobold's attack. x2
You closely miss the kobold. x2; You barely miss the kobold.
You block the kobold's attack. The kobold hits you but does no damage.
The kobold hits you with a +0 short sword.
You block the kobold's attack.
You closely miss the kobold. You slash the kobold!
You kill the kobold!
You hit the kobold.
You kill the kobold!
You block the kobold's attack.
The kobold throws a stone.
The stone hits you but does no damage. The kobold hits you but does no damage.
The kobold hits you with a +1 whip of distortion.
Space bends around you.
You closely miss the kobold. x2
Your shield and chain mail prevent you from hitting the kobold.
You block the kobold's attack. x2
The kobold hits you with a +1 whip of distortion.
Space warps horribly around you!!
Ouch! That really hurt!
You die...

#....######.
####....###.#....####.
#..(....##............
#.......####..........
#.......# ##.#........
#.....$. #...##......
#..... #...##.....#
#.KK# #...##.....#
..###'K@## #........###
.........####...........
.##.........#.........##
######.....#....<....#
#..........#.........#
##.####)#.###.........#
....###.#.###.....###.#
..............†...# .#
....###.............#..


You could see 3 kobolds.

Vanquished Creatures
  3 ball pythons (D:1)
  An endoplasm (D:1)
  A giant cockroach (D:2)
  3 goblins (D:1)
  A hobgoblin (D:1)
  3 kobolds
  A quokka (D:1)
  2 bats (D:1)
  2 rats (D:1)
17 creatures vanquished.

Notes
Turn   | Place    | Note
-------+----------+-------------------------------------------
     0 | D:1      | Sabo the Demonspawn Fighter began the quest for the Orb.
     0 | D:1      | Reached XP level 1. HP: 18/18 MP: 1/1
   319 | D:1      | Gained mutation: A meltable shield of frost defends you.
                  | (SH +4) [demonic ancestry]
   319 | D:1      | Reached XP level 2. HP: 24/24 MP: 2/2
   977 | D:2      | Mangled by a kobold

Illustrated notes

Levels and vault maps discovered:
D:1:      onia_arrival_mini_spirals, layout_loops_cross, minivault_25,
          st_stairs_2
D:2:      cheibrodos_fertilizer, layout_basic

Skill      XL: |  1  2 |
---------------+-------+-----
Armour         | 3 |  3.0
Fighting       | |  3.3
Axes           | |  1.9
Dodging        | |  0.1
Shields        | |  2.8

Action                   || total
-------------------------++-------
Melee: War axe           ||    32
Armor: Chain mail        ||    21
       Scale mail        ||     2
Dodge: Dodged            ||     5
Block: Kite shield       ||    32
